AoeStats
← donsimon93

Arena

507924149Analyzed
1v1 RM · 12d ago on Sep 20, 2026· 49m 42s· 2 players
Game mode
Random Map
Map size
Tiny (2 player)
Population
200
Speed
Normal
Resources
Standard
Victory
Conquest
Starting age
Dark Age
Ending age
Imperial Age
RankedLock teamsTeams togetherTeam positionsShared explorationLock speedFull tech treeHidden civsTurbo modeCheats
Victory
Defeat
🇦🇲 Armenians · Armenia
1028
+16
🇦🇹 Britons · Austria
1037
-16
ssdigger
11:06 Feudal Age
14:25 Loom
17:05 Castle Age
15:26 Double-Bit Axe
15:33 Horse Collar
18:14 Bow Saw
18:19 Squires
19:15 Heavy Plow
20:30 Fervor
21:05 Wheelbarrow
23:01 Scale Mail Armor
24:57 Hand Cart
24:55 Town Watch
25:13 Fletching
27:48 Gold Mining
27:52 Stone Mining
27:32 Elite Skirmisher
31:12 Imperial Age
29:08 Bodkin Arrow
29:45 Gambesons
29:21 Man-at-Arms
31:00 Forging
31:04 Padded Archer Armor
31:21 Chain Mail Armor
30:32 Long Swordsman
31:57 Ballistics
32:03 Bracer
32:28 Conscription
31:42 Two-Handed Swordsman
32:31 Champion
33:34 Fereters
34:59 Iron Casting
34:41 Leather Archer Armor
36:25 Chemistry
35:35 Masonry
43:14 Hoardings
44:42 Blast Furnace
44:13 Plate Mail Armor
donsimon93
4:35 Loom
10:08 Feudal Age
10:39 Double-Bit Axe
10:36 Horse Collar
11:51 Town Watch
17:46 Castle Age
16:27 Gold Mining
16:52 Forging
16:45 Padded Archer Armor
16:56 Scale Mail Armor
17:51 Stone Mining
19:03 Wheelbarrow
19:15 Squires
18:43 Pikeman
20:08 Bow Saw
24:24 Heavy Plow
30:09 Imperial Age
29:21 Hand Cart
29:38 Chain Mail Armor
29:27 Padded Archer Armor
30:09 Yeomen
30:34 Gold Shaft Mining
30:37 Fletching
31:13 Ballistics
31:07 Fortified Wall
32:38 Two-Man Saw
32:25 Conscription
32:07 Bodkin Arrow
32:30 Leather Archer Armor
34:04 Chemistry
32:54 Halberdier
34:29 Iron Casting
35:11 Ring Archer Armor
36:30 Bracer
37:25 Onager
39:48 Elite Longbowman
40:18 Capped Ram
47:54 Blast Furnace
47:24 Plate Mail Armor
Connection lost

Rejoining the realm…

Still unreachable

The connection could not be restored.

Session expired

The server has moved on; the page needs a fresh start.